 Dungeon Crawl Stone Soup version 0.23.2-33-g5129a83184 (webtiles) character file.

Game seed: 10186533480439370656

1484 redmage the Digger (level 8, -2/58 HPs)
             Began as a Gnoll Earth Elementalist on July 3, 2019.
             Was a Believer of Okawaru.
             Slain by a death yak (14 damage)
             ... on level 9 of the Dungeon.
             The game lasted 00:42:26 (1987 turns).

redmage the Digger (Gnoll Earth Elementalist)       Turns: 1987, Time: 00:42:27

Health: -2/58      AC:  7    Str: 12    XL:     8   Next: 79%
Magic:  2/17       EV: 19    Int: 19    God:    Okawaru [**....]
Gold:   371        SH:  3    Dex: 15    Spells: 2/19 levels left

rFire    . . .     SeeInvis .   e - +2 short sword (venom)
rCold    . . .     Gourm    .   (no shield)
rNeg     . . .     Faith    .   c - +0 robe
rPois    .         Spirit   .   (no helmet)
rElec    .         Reflect  +   o - +0 cloak
rCorr    .         Harm     .   (no gloves)
MR       +....                  p - +2 pair of boots
Stlth    +++++.....             w - +3 amulet of reflection
HPRegen  0.19/turn              y - ring of flight
MPRegen  0.15/turn              A - ring of protection from magic

@: heroism
A: distributed training, fangs 1, strong nose
a: Heroism, Renounce Religion, Evoke Flight


You were on level 9 of the Dungeon.
You worshipped Okawaru.
Okawaru was pleased with you.
You were not hungry.

You visited 2 branches of the dungeon, and saw 10 of its levels.

You collected 371 gold pieces.

Inventory:

Hand Weapons
 a - a +2 dagger of holy wrath
 e - a +2 short sword of venom (weapon)
 g - a +2 whip of flaming
 z - a +3 long sword
Missiles
 b - 108 stones (quivered)
Armour
 c - a +0 robe (worn)
 n - a +3 scale mail
 o - a +0 cloak (worn)
 p - a +2 pair of boots (worn)
Jewellery
 s - an uncursed amulet of the gourmand
 w - a +3 amulet of reflection (around neck)
 y - a ring of flight (left hand)
 A - a ring of protection from magic (right hand)
Wands
 x - a wand of random effects (23)
Scrolls
 f - a scroll of magic mapping {unknown}
 h - a scroll of enchant weapon {unknown}
 j - 2 scrolls of blinking
 r - 2 scrolls of fog {unknown}
 v - a scroll of acquirement {unknown}
Potions
 i - 2 potions of resistance
 k - a potion of agility
 l - 2 potions of flight
 m - a potion of curing
 q - 2 potions of cancellation
 t - a potion of haste {unknown}
 u - a potion of lignification {unknown}
Comestibles
 d - 12 rations


   Skills:
 + Level 3.5(8.5) Fighting
 + Level 3.5(8.5) Short Blades
 + Level 3.5(8.5) Long Blades
 + Level 3.5(8.5) Axes
 + Level 3.5(8.5) Maces & Flails
 + Level 3.5(8.5) Polearms
 + Level 3.5(8.5) Staves
 + Level 3.5(8.5) Slings
 + Level 3.5(8.5) Bows
 + Level 3.5(8.5) Crossbows
 + Level 3.5(8.5) Throwing
 + Level 3.5(8.5) Armour
 + Level 5.8(10.8) Dodging
 + Level 5.5(10.5) Stealth
 + Level 3.5(8.5) Shields
 + Level 3.5(8.5) Unarmed Combat
 + Level 6.2 Spellcasting
 + Level 2.9 Conjurations
 + Level 2.9 Hexes
 + Level 2.9 Charms
 + Level 2.9 Summonings
 + Level 2.9 Necromancy
 + Level 2.9 Translocations
 + Level 3.6 Transmutations
 + Level 2.9 Fire Magic
 + Level 2.9 Ice Magic
 + Level 2.9 Air Magic
 + Level 6.2 Earth Magic
 + Level 2.9 Poison Magic
 + Level 3.9 Invocations
 + Level 3.5 Evocations


You had 2 spell levels left.
You knew the following spells:

 Your Spells              Type           Power        Failure   Level  Hunger
a - Sandblast             Erth           ####..       1%          1    None
b - Passwall              Tmut/Erth      ###.....     2%          2    None
c - Stone Arrow           Conj/Erth      ###...       4%          3    ##.....
d - Petrify               Tmut/Erth      ###.....     14%         4    ####...
e - Conjure Flame         Conj/Fire      ###.....     10%         3    ##.....
f - Summon Lightning Spi  Summ/Air       ###.....     32%         4    ####...

Your spell library contained the following spells:

 Spells                   Type           Power        Failure   Level  Hunger
 Flame Tongue             Conj/Fire      ###..        3%          1    None
 Summon Small Mammal      Summ           ###.         3%          1    None
 Call Imp                 Summ           ###.....     4%          2    None
 Throw Flame              Conj/Fire      ###...       4%          2    None
 Call Canine Familiar     Summ           ###.....     10%         3    ##.....
 Inner Flame              Hex/Fire       ###.....     10%         3    ##.....
 Summon Guardian Golem    Hex/Summ       ###.....     10%         3    ##.....
 Lee's Rapid Deconstruct  Erth           ####......   24%         5    #####..
 Sticky Flame             Conj/Fire      ###.....     32%         4    ####...
 Summon Ice Beast         Ice/Summ       ###.....     32%         4    ####...
 Fireball                 Conj/Fire      ###.......   67%         5    #####..


Dungeon Overview and Level Annotations

Branches:
Dungeon (9/15)             Temple (1/1) D:5
   Lair: D:8-11         Orc: D:9-12

Altars:
Ashenzari
Cheibriados
Dithmenos
Elyvilon
Fedhas
Gozag
Kikubaaqudgha
Makhleb
Nemelex Xobeh
Okawaru
Ru
Sif Muna
Trog
Uskayaw
Vehumet
Xom
Yredelemnul

Annotations:
D:6 Dowan, Duvessa


Innate Abilities, Weirdness & Mutations

Your experience applies equally to all skills.
You have very sharp teeth.
Your uncanny sense of smell can sniff out nearby items.


Message History

Casting: Sandblast (safe; 1% risk of failure)
Confirm with . or Enter, or press ? or * to list all spells.
Okay, then.
Unknown command.
Unknown command.
You gain the combat prowess of a mighty hero.
The death yak is engulfed in blazing flames.
The death yak gores you!
* * * LOW HITPOINT WARNING * * *
Unknown command.
Casting: Sandblast (safe; 1% risk of failure)
Confirm with . or Enter, or press ? or * to list all spells.
Aiming: Stone Arrow (safe; 4% risk of failure)
Press: ? - help, Shift-Dir - straight line, f/p - death yak
Aim: a death yak (flame, moderately wounded)
The stone arrow hits the death yak!
The death yak is heavily wounded.
The death yak is engulfed in blazing flames.
The death yak gores you!
You die...

#### ..>.##
##...###....#
.[...#....#
#..#.<..##
#........#
##......##..
#..........
##Y#....#..
#.#######@§...#.# #
#........#....#.###.
.####.#..#..........
.#..#.....#÷##....
.............# . .
..#......##..## .#
##...... ..#
......?.....#
............#


You could see a death yak.

Vanquished Creatures
  A hornet zombie (D:8)
  A phantom (D:7)
  2 ogres (D:5)
  4 bullfrogs
  A water moccasin skeleton (D:5)
  3 wights (D:8)
  2 howler monkeys
  A crimson imp (D:8)
  2 orc priests (D:7)
  A hound (D:4)
  2 jellies
  4 orc wizards
  A centaur skeleton (D:8)
  An iguana (D:4)
  Natasha (D:3)
  2 worker ants
  A hound skeleton (D:4)
  A howler monkey zombie (D:8)
  7 adders
  A gnoll (D:1)
  2 adder zombies
  A dart slug (D:3)
  9 leopard geckos
  13 orcs
  3 giant cockroaches
  5 goblins
  4 hobgoblins
  8 jackals
  2 kobolds (D:1)
  8 quokkas
  A ball python (D:3)
  6 bats
  4 frilled lizards
  3 rats
108 creatures vanquished.

Vanquished Creatures (others)
  An orc wizard (D:4)
1 creature vanquished.

Grand Total: 109 creatures vanquished

Notes
Turn   | Place    | Note
-------+----------+-------------------------------------------
     0 | D:1      | redmage the Gnoll Earth Elementalist began the quest for
                  | the Orb.
     0 | D:1      | Reached XP level 1. HP: 13/13 MP: 6/6
    65 | D:1      | Reached XP level 2. HP: 15/19 MP: 5/7
    91 | D:2      | Found a burning altar of Makhleb.
    93 | D:2      | Reached skill level 5 in Spellcasting
    93 | D:2      | Reached XP level 3. HP: 22/25 MP: 3/9
    98 | D:2      | Learned a level 2 spell: Passwall
   138 | D:2      | Reached skill level 1 in Invocations
   151 | D:2      | Reached skill level 1 in Fighting
   151 | D:2      | Reached skill level 1 in Short Blades
   151 | D:2      | Reached skill level 1 in Long Blades
   151 | D:2      | Reached skill level 1 in Axes
   151 | D:2      | Reached skill level 1 in Maces & Flails
   151 | D:2      | Reached skill level 1 in Polearms
   151 | D:2      | Reached skill level 1 in Staves
   151 | D:2      | Reached skill level 1 in Slings
   151 | D:2      | Reached skill level 1 in Bows
   151 | D:2      | Reached skill level 1 in Crossbows
   151 | D:2      | Reached skill level 1 in Throwing
   151 | D:2      | Reached skill level 1 in Armour
   151 | D:2      | Reached skill level 1 in Shields
   151 | D:2      | Reached skill level 1 in Unarmed Combat
   151 | D:2      | Reached skill level 1 in Evocations
   168 | D:2      | Reached XP level 4. HP: 16/32 MP: 4/11
   189 | D:2      | Learned a level 3 spell: Stone Arrow
   194 | D:2      | Learned a level 4 spell: Petrify
   399 | D:4      | Reached skill level 1 in Conjurations
   399 | D:4      | Reached skill level 1 in Hexes
   399 | D:4      | Reached skill level 1 in Charms
   399 | D:4      | Reached skill level 1 in Summonings
   399 | D:4      | Reached skill level 1 in Necromancy
   399 | D:4      | Reached skill level 1 in Translocations
   399 | D:4      | Reached skill level 1 in Fire Magic
   399 | D:4      | Reached skill level 1 in Ice Magic
   399 | D:4      | Reached skill level 1 in Air Magic
   399 | D:4      | Reached skill level 1 in Poison Magic
   399 | D:4      | Reached XP level 5. HP: 29/37 MP: 8/12
   408 | D:5      | Entered Level 5 of the Dungeon
   516 | D:4      | Reached XP level 6. HP: 24/44 MP: 9/13
   622 | D:3      | Noticed Natasha
   677 | D:3      | Killed Natasha
   677 | D:3      | Reached skill level 5 in Dodging
   823 | D:5      | Found a staircase to the Ecumenical Temple.
   836 | D:5      | Reached XP level 7. HP: 50/50 MP: 9/15
   859 | Temple   | Entered the Ecumenical Temple
   867 | Temple   | Became a worshipper of Warmaster Okawaru
   999 | D:6      | Noticed Duvessa
   999 | D:6      | Noticed Dowan
  1161 | D:6      | Found an opulent altar of Gozag.
  1271 | D:5      | Reached * piety under Okawaru
  1271 | D:5      | Reached skill level 5 in Stealth
  1384 | D:7      | Reached XP level 8. HP: 48/57 MP: 0/16
  1456 | D:8      | Learned a level 3 spell: Conjure Flame
  1463 | D:8      | Learned a level 4 spell: Summon Lightning Spire
  1626 | D:9      | Reached ** piety under Okawaru
  1629 | D:9      | Noticed a death yak
  1629 | D:9      | Noticed a death yak
  1773 | D:8      | Noticed a purple ugly thing
  1987 | D:9      | Slain by a death yak

Skill      XL: |  1  2  3  4  5  6  7  8 |
---------------+-------------------------+-----
Transmutations | 2 3 |  3.6
Spellcasting   | 5 6 |  6.2
Invocations    | 1 2 3 |  3.9
Fighting       | 1 2 3 |  3.5
Short Blades   | 1 2 3 |  3.5
Long Blades    | 1 2 3 |  3.5
Axes           | 1 2 3 |  3.5
Maces & Flails | 1 2 3 |  3.5
Polearms       | 1 2 3 |  3.5
Staves         | 1 2 3 |  3.5
Slings         | 1 2 3 |  3.5
Bows           | 1 2 3 |  3.5
Crossbows      | 1 2 3 |  3.5
Throwing       | 1 2 3 |  3.5
Armour         | 1 2 3 |  3.5
Shields        | 1 2 3 |  3.5
Unarmed Combat | 1 2 3 |  3.5
Evocations     | 1 2 3 |  3.5
Conjurations   | 1 2 |  2.9
Hexes          | 1 2 |  2.9
Charms         | 1 2 |  2.9
Summonings     | 1 2 |  2.9
Necromancy     | 1 2 |  2.9
Translocations | 1 2 |  2.9
Fire Magic     | 1 2 |  2.9
Ice Magic      | 1 2 |  2.9
Air Magic      | 1 2 |  2.9
Poison Magic   | 1 2 |  2.9
Dodging        | 5 |  5.8
Stealth        | 5 |  5.5
Earth Magic    | 6 |  6.2

Action                   |  1- 3 |  4- 6 |  7- 9 || total
-------------------------+-------+-------+-------++-------
Melee: Short sword       |    22 |    81 |    56 ||   159
       Bite              |     2 |     9 |     5 ||    16
       Dagger            |       |       |    17 ||    17
       Whip              |       |       |     7 ||     7
       Long sword        |       |       |     1 ||     1
 Cast: Sandblast         |    17 |    28 |    45 ||    90
       Passwall          |       |     8 |    16 ||    24
       Petrify           |       |     1 |     5 ||     6
       Stone Arrow       |       |       |     3 ||     3
       Conjure Flame     |       |       |     3 ||     3
Invok: Heroism           |       |       |     1 ||     1
Evoke: Wand              |       |       |     7 ||     7
  Use: Scroll            |       |     4 |     4 ||     8
       Potion            |       |     3 |     2 ||     5
 Stab: Sleeping          |     1 |     7 |    10 ||    18
       Petrified         |       |     2 |     3 ||     5
       Distracted        |       |       |     1 ||     1
  Eat: Chunk             |       |       |     4 ||     4
       Ration            |       |       |     1 ||     1
Armor: Robe              |     4 |     8 |    18 ||    30
Dodge: Dodged            |    31 |    64 |    59 ||   154
Block: Other             |       |       |     6 ||     6
